 Zot Defence DCSS version 0.15.2 (webtiles) character file.

137 Jannitor the Covered (level 5, -1/38 (49) HPs)
             Began as a Deep Dwarf Fighter on Oct 25, 2017.
             Slain by Sigmund
             ... wielding a +0 scythe
              (10 damage)
             ... in the Realm of Zot (Scenario III: Two or Three?).
             The game lasted 00:03:33 (589 turns).

Jannitor the Covered (Deep Dwarf Fighter)            Turns: 589, Time: 00:03:33

HP  -1/38 (49)   AC  7     Str 20      XL: 5   Next:  0%
MP   5/5         EV  6     Int  9      God:
Gold 0           SH  9     Dex 12      Spells:  0 memorised,  4 levels left

rFire  . . .     SeeInvis .     a - +0 war axe
rCold  . . .     Clarity  .     b - +0 scale mail
rNeg   . . .     rCorr    .     c - +0 shield
rPois  .         rRot     .     (no helmet)
rElec  .         Spirit   .     (no cloak)
SustAb .         Warding  .     (no gloves)
rMut   .         Stasis   .     (no boots)
Gourm  .                        (no amulet)
MR     .....                    (no ring)
                                (no ring)

@: non-regenerating, not resistant to hostile enchantments, extremely unstealthy
A: damage resistance, recharge devices, sense surroundings 1, slow healing 3
a: Make oklob sapling, Make arrow trap, Make plant, Remove Curse, Make burning
bush, Device Recharging


You were in the Realm of Zot.
You were not hungry.

You visited 1 branch

Inventory:

Hand weapons
 a - a +0 war axe (weapon)
Armour
 b - a +0 scale mail (worn)
 c - a +0 shield (worn)
Magical devices
 d - a wand of heal wounds (4)
Comestibles
 g - a bread ration
Scrolls
 l - a scroll of blinking
Potions
 e - a potion of might
 f - 3 potions of curing
 h - a potion of heal wounds
 i - a potion of haste
 j - 2 potions of magic
 k - a potion of berserk rage


   Skills:
 + Level 3.2 Fighting
 + Level 3.3 Axes
 + Level 4.3 Armour
 + Level 4.3 Shields


You had 4 spell levels left.
You didn't know any spells.

Dungeon Overview and Level Annotations

Branches:
    Zot (1/1)

Altars:

Annotations:
Zot Sigmund


Innate Abilities, Weirdness & Mutations

You are resistant to damage.
You can recharge devices by infusing magical energy.
You passively map a small area around you.
You do not heal naturally.


Message History

Something hits you but does no damage.
You hear some strange, mumbled words.
Something tries to affect you, but you resist.
You miss something. You block its attack. The magic dart hits you!
Unknown command.
Your flesh rots away as the Orb of Zot is desecrated.
Something hits you!
Things that are here:
a club x2 a rotting goblin corpse You barely miss something. x2
Your flesh rots away as the Orb of Zot is desecrated. x4
Something hits you!
* * * LOW HITPOINT WARNING * * *
Your flesh rots away as the Orb of Zot is desecrated. x2
A giant frog comes into view.
You closely miss something. You miss something.
Your flesh rots away as the Orb of Zot is desecrated. x4
Something hits you!
You die...

▓▓▓▓▓ ▓...▓ ▓▓...▓▓ ▓▓.....▓▓
▓▓▓...P...▓▓▓
▓▓▓▓▓....))%....▓▓▓▓▓
▓▓▓▓▓▓..%.....){@%.)F%...▓▓▓▓▓▓▓▓
...▓▓...▓▓...........▓▓...▓▓.....
....▓..▓▓▓▓▓.......▓▓▓▓▓..▓......
....▓..▓ ▓▓.....▓▓ ▓..▓......
....▓..▓ ▓▓...▓▓ ▓..▓......
....▓..▓ ▓...▓ ▓..▓......
....▓..▓ ▓▓.▓▓ ▓..▓....▓▓
▓...▓..▓ ▓.▓ ▓..▓...▓▓.
▓...▓..▓▓▓▓▓▓▓▓.▓▓▓▓▓▓▓▓..▓...▓▓.


You could see a giant frog and a friendly oklob sapling.

Vanquished Creatures
  A centaur skeleton (Zot)
  A worm (Zot)
  6 oozes (Zot)
  2 ball pythons (Zot)
  5 goblins (Zot)
  A kobold (Zot)
  A bat (Zot)
  3 rats (Zot)
20 creatures vanquished.

Vanquished Creatures (collateral kills)
  A shadow imp (Zot)
  5 bats (Zot)
  A giant cockroach (Zot)
  A jackal (Zot)
  5 kobolds (Zot)
  2 ball pythons (Zot)
  A giant newt (Zot)
  A rat (Zot)
17 creatures vanquished.

Vanquished Creatures (others)
  An oklob sapling (Zot)
1 creature vanquished.

Grand Total: 38 creatures vanquished

Notes
Turn   | Place    | Note
--------------------------------------------------------------
     0 | Zot      | Jannitor, the Deep Dwarf Fighter, began the quest for the Orb.
     0 | Zot      | Reached XP level 1. HP: 20/20 MP: 1/1
   252 | Zot      | Reached XP level 2. HP: 27/27 MP: 2/2
   334 | Zot      | Reached XP level 3. HP: 18/33 MP: 3/3
   426 | Zot      | Reached skill level 4 in Armour
   478 | Zot      | Reached XP level 4. HP: 22/42 MP: 4/4
   572 | Zot      | Noticed Sigmund
   573 | Zot      | Noticed a sky beast
   581 | Zot      | Reached XP level 5. HP: 39/49 MP: 5/5
   589 | Zot      | Noticed a giant frog
   589 | Zot      | Slain by Sigmund

Action                   |  1- 3 |  4- 6 || total
-------------------------+-------+-------++-------
Melee: War axe           |    36 |    32 ||    68
 Abil: Make oklob saplin |     2 |       ||     2
Evoke: Wand              |       |     1 ||     1
 Stab: Distracted        |     2 |       ||     2
